 Dungeon Crawl Stone Soup version 0.29.1-13-g9f3cf754e1 (webtiles) character file.

Game seed: 8537905504596065169

9620 Chiseanne the Fighter (level 11, -5/90 HPs)
             Began as a Demonspawn Wanderer on Jan 29, 2023.
             Was an Initiate of Gozag.
             Killed from afar by an acid dragon (13 damage)
             ... with a splash of acid
             ... on level 8 of the Dungeon.
             The game lasted 00:26:32 (13025 turns).

Chiseanne the Fighter (Demonspawn Wanderer)        Turns: 13025, Time: 00:26:33

Health: -5/90      AC: 15    Str: 13    XL:     11   Next: 25%
Magic:  11/11      EV: 15    Int: 17    God:    Gozag
Gold:   1117       SH:  5    Dex: 15    Spells: 10/10 levels left

rFire   + . .      SeeInvis .   a - +1 spear (venom)
rCold   . . .      Faith    .   H - +0 buckler
rNeg    + . .      Spirit   .   o - +2 leather armour of Dogma {rPois rF+ rN+ Str-4}
rPois   +          Reflect  .   (helmet restricted)
rElec   .          Harm     .   (no cloak)
rCorr   .          Rampage  .   r - +1 pair of gloves
Will    .....                   (no boots)
Stlth   +.........              (no amulet)
HPRegen 0.25/turn               i - +6 ring of intelligence
MPRegen 0.12/turn               n - +4 ring of protection

@: gold aura, hasted, very quick
A: horns 1, molten scales 2, foul stench 1, demonic magic 3
a: Renounce Religion, Potion Petition, Call Merchant, Bribe Branch


You were on level 8 of the Dungeon.
You worshipped Gozag.
Gozag was most pleased with you.
You visited 2 branches of the dungeon, and saw 9 of its levels.

You collected 1210 gold pieces.
You paid 93 gold pieces to Gozag.

Inventory:

Hand Weapons
 a - a +1 spear of venom (weapon)
 b - a +2 short sword of holy wrath
 h - a +3 trident
 s - a +1 hand axe of electrocution
 v - a +3 mace of freezing
 x - a +1 short sword of speed
 y - a +3 great sword
 A - a +1 dagger of flaming
 D - a +3 dagger of chaos
 E - a +3 morningstar
 F - a +3 short sword of freezing
Missiles
 f - 51 stones
 g - 3 atropa-tipped darts
 w - 24 poisoned darts
 z - 5 curare-tipped darts (quivered)
Armour
 c - a +0 robe
 o - the +2 leather armour of Dogma (worn) {rPois rF+ rN+ Str-4}
   (You found it on level 3 of the Dungeon)

   Str:       It affects your strength (-4).
   rF:        It protects you from fire.
   rPois:     It protects you from poison.
   rN:        It protects you from negative energy.
 r - a +1 pair of gloves (worn)
 H - a +0 buckler (worn)
Jewellery
 i - a +6 ring of intelligence (left hand)
 n - a +4 ring of protection (right hand)
 t - a +6 ring of dexterity
 B - an amulet of reflection
Wands
 d - a wand of digging (8)
Scrolls
 u - a scroll of immolation
Potions
 e - a potion of flight {unknown}
 k - a potion of cancellation {unknown}
 l - a potion of mutation {unknown}
 m - 2 potions of ambrosia
 p - 3 potions of curing
 q - 2 potions of resistance
 C - a potion of brilliance
 G - a potion of berserk rage {unknown}
Miscellaneous
 J - a phantom mirror (inert)


   Skills:
 * Level 10.0 Fighting
 - Level 1.7 Long Blades
 - Level 3.6 Throwing
 * Level 9.6 Armour
 * Level 9.1 Dodging
 * Level 3.3 Shields
 - Level 1.0 Evocations


You had 10 spell levels left.
You didn't know any spells.
Your spell library contained the following spells:

 Spells                   Type           Power      Damage    Failure   Level
 Beastly Appendage        Tmut           0%         N/A       36%         1
 Magic Dart               Conj           0%         1d3       36%         1
 Searing Ray              Conj           0%         2d4       50%         2
 Wereblood                Tmut           0%         N/A       50%         2
 Spider Form              Tmut/Pois      0%         N/A       75%         3
 Fulminant Prism          Conj/Hex       0%         3d6       98%         4


Dungeon Overview and Level Annotations

Branches:
Dungeon (8/15)             Temple (1/1) D:4
   Lair: D:8-11

Altars:
Ashenzari
Cheibriados
Dithmenos
Fedhas
Gozag
Hepliaklqana
Kikubaaqudgha
Makhleb
Nemelex Xobeh
Okawaru
Qazlal
Sif Muna
Trog
Uskayaw
Vehumet
Wu Jian
Xom
Yredelemnul

Shops:
D:1 (:   D:6 =

Annotations:
D:6 1 runed translucent door, kalagan's ghost, novice DECj


Innate Abilities, Weirdness & Mutations

You have a pair of small horns on your head.
You are mostly covered in molten scales. (AC +3)
You may rarely emit foul miasma when damaged in melee.
Spells you cast and wands you use may paralyse nearby enemies.


Message History

The tengu warrior misses you. x2
The tengu warrior is engulfed in dark miasma.
The tengu warrior looks as sick as possible!
The tengu warrior hits you with a +0 battleaxe of freezing.
The tengu warrior freezes you. The tengu warrior misses you.
The tengu warrior claws you but does no damage.
You hit the tengu warrior. Your headbutt misses the tengu warrior.
The tengu warrior is moderately wounded.
The tengu warrior is engulfed in dark miasma.
The tengu warrior looks as sick as possible!
The tengu warrior seems to slow down.
The tengu warrior hits you with a +0 battleaxe of freezing!
The tengu warrior freezes you. The tengu warrior misses you.
You block the tengu warrior's attack.
You barely miss the tengu warrior. Your headbutt misses the tengu warrior.
The tengu warrior is heavily wounded.
You hit the tengu warrior but do no damage.
The tengu warrior looks as sick as possible!
You headbutt the tengu warrior.
The tengu warrior is heavily wounded.
The tengu warrior is engulfed in dark miasma.
The tengu warrior looks as sick as possible!
You block the tengu warrior's attack. The tengu warrior pecks you.
You block the tengu warrior's attack.
You closely miss the tengu warrior.
The tengu warrior is almost dead.
The tengu warrior is engulfed in dark miasma.
The tengu warrior looks as sick as possible!
You kill the tengu warrior!
Your Fighting skill increases to level 10!
Okay, then.
Okay, then.
You feel yourself speed up. The acid dragon spits acid at you.
The splash of acid hits you!!
* * * LOW HITPOINT WARNING * * *
The acid dragon spits acid at you. The splash of acid hits you!
You die...
Your body crumbles into a pile of gold.

....#...#############.......#
###.#...............D$......#
....#.#######..).D..#.........
######### ####.##########...
###.....### ♣♣.♣♣ .
#.........#♣♣#♣...♣#
.....~.......#.....#########
#.JJ......# #♣...♣##......#
#.....# ♣♣@♣♣ #......# ##.#
♣.♣# #......# ♣♣..♣
♣..♣##......# ♣♣..♣♣♣♣
♣♣~≈.##......# ♣♣..♣♣..♣♣
♣.~≈.##......# ♣..♣♣....♣♣
♣..≈.##......# ..♣♣.♣♣♣..♣♣
♣♣♣..##......# .♣♣)#.♣♣♣..♣♣
♣...♣##>.....#
♣♣..8..♣♣♣..♣♣♣♣♣.♣##......#


You could see an acid dragon (catching breath).

Vanquished Creatures
  A boulder beetle (D:8)
  A two-headed ogre (D:8)
  A tengu warrior (D:8)
  A deep elf pyromancer (D:8)
  An ugly thing (D:8)
  A troll (D:8)
  3 hornets
  2 slime creatures
  2 wraiths (D:8)
  9 yaks (D:8)
  A basilisk (D:8)
  A vampire mosquito (D:8)
  An acid dragon (D:8)
  A steam dragon (D:7)
  Duvessa (D:6)
  5 orc warriors
  4 sky beasts
  A black bear (D:4)
  3 ogres
  A centaur (D:7)
  A phantom (D:6)
  4 kobold brigands
  3 gnoll sergeants (D:8)
  2 bullfrogs (D:8)
  2 scorpions
  6 wights (D:8)
  Dowan (D:6)
  9 killer bees (D:8)
  2 howler monkeys
  A jelly (D:6)
  2 hounds
  A gnoll bouda (D:8)
  2 iguanas
  5 orc priests
  9 orc wizards
  5 gnolls (D:8)
  5 adders
  3 white imps (D:5)
  An ufetubus (D:7)
  2 worms
  2 dart slugs
  27 orcs
  5 bats
  5 endoplasms
  A giant cockroach (D:4)
  7 goblins
  9 hobgoblins
  10 jackals
  12 kobolds
  4 quokkas
  7 ball pythons
  3 frilled lizards (D:1)
  2 rats
201 creatures vanquished.

Vanquished Creatures (others)
  A wizard (D:6)
  12 plants
13 creatures vanquished.

Grand Total: 214 creatures vanquished

Notes
Turn   | Place    | Note
-------+----------+-------------------------------------------
     0 | D:1      | Chiseanne the Demonspawn Wanderer began the quest for the
                  | Orb.
     0 | D:1      | Chiseanne set off with the following items: a +2 dagger, a
                  | curare-tipped dart, a +0 falchion, a +0 scale mail, a
                  | potion of attraction.
     0 | D:1      | Reached XP level 1. HP: 13/13 MP: 1/1
   191 | D:1      | Found Bimoorio's Book Emporium.
   334 | D:1      | Gained mutation: Spells you cast may paralyse adjacent
                  | enemies. [demonic ancestry]
   334 | D:1      | Reached XP level 2. HP: 20/20 MP: 2/2
   395 | D:1      | Found Venkopamp's Weapon Shop.
   434 | D:1      | Reached skill level 1 in Fighting
   686 | D:1      | Reached skill level 1 in Dodging
  1221 | D:2      | Gained mutation: You may rarely emit foul miasma when
                  | damaged in melee. [demonic ancestry]
  1221 | D:2      | Reached XP level 3. HP: 10/26 MP: 3/3
  2432 | D:2      | Gained mutation: You have a pair of small horns on your
                  | head. [demonic ancestry]
  2432 | D:2      | Reached XP level 4. HP: 30/33 MP: 4/4
  2738 | D:2      | Reached skill level 2 in Fighting
  2903 | D:3      | You fall into a shaft and drop 1 floor!
  3036 | D:3      | Identified the +2 leather armour of Dogma {rPois rF+ rN+
                  | Str-4}
  3177 | D:3      | Found a faded altar of an unknown god.
  3336 | D:3      | Identified the +1 robe of Quantum Leap {Str+4}
  3732 | D:4      | Found a staircase to the Ecumenical Temple.
  3770 | Temple   | Entered the Ecumenical Temple
  4174 | D:3      | Gained mutation: Spells you cast may paralyse nearby
                  | enemies. [demonic ancestry]
  4174 | D:3      | Reached XP level 5. HP: 22/39 MP: 5/5
  4605 | D:5      | Entered Level 5 of the Dungeon
  4629 | D:5      | Reached skill level 3 in Fighting
  4633 | D:5      | Noticed an ogre
  4642 | D:5      | Killed an ogre
  4643 | D:5      | Gained mutation: You are partially covered in molten
                  | scales. (AC +2) [demonic ancestry]
  4643 | D:5      | Reached XP level 6. HP: 41/47 MP: 6/6
  4947 | D:5      | Reached skill level 4 in Fighting
  5002 | D:5      | Reached XP level 7. HP: 54/54 MP: 7/7
  5421 | D:5      | Reached skill level 5 in Armour
  5527 | D:5      | Found a broken altar of Ashenzari.
  5730 | D:6      | Noticed Dowan
  5731 | D:6      | Noticed Duvessa
  5894 | D:6      | Reached skill level 5 in Fighting
  6035 | D:6      | Killed Duvessa
  6036 | D:6      | Gained mutation: You are mostly covered in molten scales.
                  | (AC +3) [demonic ancestry]
  6036 | D:6      | Reached XP level 8. HP: 55/62 MP: 8/8
  6053 | D:6      | Killed Dowan
  6150 | D:6      | Noticed kalagan's ghost (novice DECj)
  6155 | D:6      | Found a runed translucent door.
  6177 | D:6      | Found Esoyluot's Jewellery Shoppe.
  6194 | D:6      | Reached skill level 5 in Dodging
  6706 | D:6      | Found a bloodstained altar of Trog.
  6709 | D:6      | Noticed a wizard
  6713 | D:6      | Killed a wizard
  6857 | D:7      | Reached skill level 6 in Fighting
  7038 | D:7      | Found an opulent altar of Gozag.
  7050 | D:7      | Became a worshipper of Gozag Ym Sagoz the Greedy
  7091 | D:7      | Noticed a hornet
  7116 | D:7      | Killed a hornet
  7124 | D:7      | Reached XP level 9. HP: 44/71 MP: 9/9
  7535 | D:7      | Reached skill level 7 in Fighting
  8533 | D:8      | Noticed a green ugly thing
  8823 | D:8      | Noticed a tengu warrior
  8841 | D:8      | Reached skill level 8 in Fighting
  8843 | D:8      | Gained mutation: Spells you cast and wands you use may
                  | paralyse nearby enemies. [demonic ancestry]
  8843 | D:8      | Reached XP level 10. HP: 44/80 MP: 10/10
 10603 | D:8      | Reached skill level 9 in Fighting
 10817 | D:8      | Killed a green ugly thing
 10841 | D:8      | Noticed a two-headed ogre
 10880 | D:8      | Killed a two-headed ogre
 10881 | D:8      | Reached skill level 1 in Shields
 11090 | D:8      | Identified the +3 great sword "Kachuecwe" {flame, rPois rF+
                  | rC+ Str-5}
 11612 | D:8      | Noticed a boulder beetle
 11632 | D:8      | Killed a boulder beetle
 12212 | D:8      | Reached XP level 11. HP: 77/90 MP: 11/11
 12365 | D:8      | Noticed a deep elf pyromancer
 12375 | D:8      | Killed a deep elf pyromancer
 13015 | D:8      | Killed a tengu warrior
 13016 | D:8      | Reached skill level 10 in Fighting
 13025 | D:8      | Killed from afar by an acid dragon

Illustrated notes

Levels and vault maps discovered:
D:1:      elethiomel_arrival_quiet, layout_basic, serial_shops, shop_statue,
          shop, minmay_hedge_maze
D:2:      layout_loops_ring, minmay_misc_feat_four_crosses
D:3:      layout_basic, shapermc_ecumenical_altar_mp_vishouse, glass_columns_a
D:4:      layout_rooms, minmay_temple_entry_sparse_star
D:5:      layout_loops_ring, mainiacjoe_overflow_catch_the_wave,
          kennysheep_generic_room_8
D:6:      layout_basic, trog_wizard, hellmonk_ghost_happy_afterlife,
          serial_shops, shop, uniq_duvessa
D:7:      layout_basic, tso_oasis_becter, mainiacjoe_overflow_brackets
D:8:      nzn_winding_woodlands_large [nzn_winding_woodlands_5x5_open_star,
          nzn_winding_woodlands_5x15_pathside_ponds,
          nzn_winding_woodlands_5x5_three, nzn_winding_woodlands_center_garden,
          nzn_winding_woodlands_15x15_thick_spiral,
          nzn_winding_woodlands_center_pierced_h,
          nzn_winding_woodlands_5x5_perimeter,
          nzn_winding_woodlands_5x15_longhouse,
          nzn_winding_woodlands_5x5_default], layout_basic,
          dreamdust_gnoll_shepherd
Temple:   compressed_dpeg_triangle_lava_temple

Skill      XL: |  1  2  3  4  5  6  7  8  9 10 11 |
---------------+----------------------------------+-----
Fighting       | 1 2 3 4 5 6 8 9 10 | 10.0
Armour         | 3 4 5 6 8 9 |  9.6
Dodging        | 1 2 3 4 6 7 8 9 |  9.1
Shields        | 2 3 |  3.3
Long Blades    | |  1.7
Throwing       | |  3.6
Evocations     | |  1.0

Action                   |  1- 3 |  4- 6 |  7- 9 | 10-12 || total
-------------------------+-------+-------+-------+-------++-------
Melee: Dagger            |   172 |   166 |   222 |    94 ||   654
       Punch             |     1 |     1 |     7 |     3 ||    12
       Headbutt          |       |    24 |    64 |    89 ||   177
       Short sword       |       |       |   126 |    69 ||   195
       Hand axe          |       |       |    19 |    70 ||    89
       Spear             |       |       |       |   117 ||   117
Throw: Stone             |     3 |       |     1 |       ||     4
       Dart              |     1 |     1 |     2 |     6 ||    10
Evoke: Wand              |       |     1 |     3 |     7 ||    11
       Phantom mirror    |       |       |       |     1 ||     1
  Use: Scroll            |     6 |     7 |     6 |     2 ||    21
       Potion            |     1 |       |     2 |     2 ||     5
 Stab: Paralysed         |       |     2 |     4 |    18 ||    24
       Confused          |       |     1 |       |       ||     1
       Petrified         |       |       |       |     7 ||     7
       Distracted        |       |       |       |     1 ||     1
       Petrifying        |       |       |       |     1 ||     1
Armor: Scale mail        |    75 |   106 |    41 |       ||   222
       Leather armour    |       |       |   123 |   139 ||   262
Dodge: Dodged            |    82 |    73 |   230 |   225 ||   610
Block: Buckler           |       |       |       |    37 ||    37
